 Dungeon Crawl Stone Soup version 0.23.2-33-g5129a83184 (webtiles) character file.

Game seed: 5898003485460239397

1526 t4s4d4r the Cleaver (level 8, 12/67 HPs)
             Began as a Hill Orc Gladiator on July 10, 2019.
             Was a Follower of Zin.
             Quit the game on level 5 of the Dungeon.
             The game lasted 00:07:16 (6892 turns).

t4s4d4r the Cleaver (Hill Orc Gladiator)            Turns: 6892, Time: 00:07:16

Health: 12/67      AC:  6    Str: 18    XL:     8   Next: 85%
Magic:  8/8        EV: 12    Int:  9    God:    Zin [*.....]
Gold:   224        SH:  0    Dex: 12    Spells: 7/7 levels left

rFire    . . .     SeeInvis .   a - +0 war axe
rCold    . . .     Gourm    .   (no shield)
rNeg     . . .     Faith    .   l - +0 ring mail
rPois    .         Spirit   .   c - +0 helmet
rElec    .         Reflect  .   (no cloak)
rCorr    .         Harm     .   (no gloves)
MR       .....                  (no boots)
Stlth    +.........             (no amulet)
HPRegen  0.21/turn              (no ring)
MPRegen  0.11/turn              (no ring)

@: lethally poisoned (12 -> -26)
A: no striking features
a: Recite, Donate Gold, Renounce Religion


You were on level 5 of the Dungeon.
You worshipped Zin.
Zin was aware of your devotion.
You were not hungry.

You visited 2 branches of the dungeon, and saw 7 of its levels.

You collected 248 gold pieces.
You donated 24 gold pieces to Zin.

Inventory:

Hand Weapons
 a - a +0 war axe (weapon)
Missiles
 d - 3 throwing nets (quivered)
 g - 248 stones
Armour
 c - a +0 helmet (worn)
 l - a +0 ring mail (worn)
Wands
 o - a wand of disintegration (10)
 q - a wand of iceblast (7)
Scrolls
 j - 5 scrolls of teleportation {unknown}
 m - 4 scrolls of enchant weapon {unknown}
 n - 2 scrolls of noise {unknown}
 p - a scroll of amnesia {unknown}
 s - 3 scrolls of magic mapping {unknown}
 t - 2 scrolls of remove curse {unknown}
 u - 2 scrolls of random uselessness {unknown}
 y - a scroll of fear {unknown}
 z - a scroll of identify
 A - a scroll of immolation {unknown}
 C - a scroll of acquirement {unknown}
 D - a scroll of fog {unknown}
Potions
 b - 2 potions of flight
 e - a potion of heal wounds
 h - 4 potions of haste
 i - 2 potions of mutation {unknown}
 k - a potion of agility {unknown}
 r - a potion of brilliance
 v - a potion of curing
 w - 3 potions of cancellation
 x - 2 potions of degeneration {unknown}
 B - a potion of resistance {unknown}
Comestibles
 f - 5 rations


   Skills:
 - Level 4.6 Fighting
 + Level 12.1 Axes
 - Level 1.7 Throwing
 - Level 3.3 Armour
 - Level 3.6 Dodging


You had 7 spell levels left.
You didn't know any spells.
Your spell library was empty.

Dungeon Overview and Level Annotations

Branches:
Dungeon (6/15)             Temple (1/1) D:4

Altars:
Cheibriados
Dithmenos
Fedhas
Gozag
Hepliaklqana
Kikubaaqudgha
Makhleb
Qazlal
Ru
Sif Muna
Trog
Vehumet
Xom
Yredelemnul
Zin
The Shining One

Shops:
D:5 }


Message History

The gnoll misses you.
You feel sick.
The gnoll sergeant hits you but does no damage.
You are more poisoned.
The gnoll hits you but does no damage.
You feel sick.
The gnoll sergeant hits you from afar with a +4 spear of venom.
You are more poisoned.
There is a stone staircase leading up, spattered with blood here.
* * * LOW HITPOINT WARNING * * *
You feel very sick.
The gnoll sergeant hits you but does no damage.
You are more poisoned.
The gnoll hits you from afar with a +0 spear.
* * * LOW HITPOINT WARNING * * *
You climb upwards.
* * * LOW HITPOINT WARNING * * *
You feel very sick.
There is a stone staircase leading down here.
Are you sure you want to abandon this character and quit the game? (Confirm with "yes".)

####.##...# #.# #....##.#
..........# #.# #.#####.#
###..###..# #)#######.#####.#
.......#..#####...............#
.##..............######.#######
.##.##....######.# #.#
...........# #.# #.#
.##.##.##..#####.# #.#
.##.##.##.....(.@# #.#
........#.######## #.#
###.......# #.# ###...####
##### #.# ##.###.#####.'_####.#
#...........###....#
#####.####### ###### ###


There were no monsters in sight!

Vanquished Creatures
  Edmund (D:4)
  An ice beast (D:6)
  A black bear (D:6)
  A sky beast (D:6)
  2 ogres (D:6)
  A bullfrog (D:6)
  2 scorpions (D:5)
  2 howler monkeys
  2 crimson imps
  A hound (D:4)
  2 orc priests (D:4)
  3 jellies
  An orc wizard (D:4)
  A bullfrog skeleton (D:4)
  2 iguanas (D:4)
  6 worker ants
  A hound skeleton (D:4)
  Robin (D:2)
  6 adders
  An ooze (D:2)
  6 worms
  2 dart slugs
  5 leopard geckos
  10 orcs
  5 giant cockroaches
  14 goblins
  9 hobgoblins
  7 jackals
  2 quokkas (D:2)
  14 bats
  2 frilled lizards
  7 kobolds (D:1)
  A quokka skeleton (D:6)
  5 rats
  A spectral orc (D:3)
128 creatures vanquished.

Notes
Turn   | Place    | Note
-------+----------+-------------------------------------------
     0 | D:1      | t4s4d4r the Hill Orc Gladiator began the quest for the Orb.
     0 | D:1      | Reached XP level 1. HP: 18/18 MP: 1/1
   100 | D:1      | Reached XP level 2. HP: 25/25 MP: 2/2
   256 | D:1      | Reached skill level 5 in Axes
   475 | D:1      | Reached XP level 3. HP: 26/30 MP: 3/3
  1023 | D:2      | Reached skill level 6 in Axes
  1312 | D:2      | Noticed Robin
  1329 | D:2      | Killed Robin
  1329 | D:2      | Reached XP level 4. HP: 25/37 MP: 4/4
  1858 | D:3      | Reached skill level 7 in Axes
  2031 | D:3      | You fall through a shaft for 3 floors!
  2039 | D:6      | Noticed an ogre
  2045 | D:6      | Killed an ogre
  2045 | D:6      | Reached skill level 8 in Axes
  2045 | D:6      | Reached XP level 5. HP: 42/42 MP: 5/5
  2156 | D:6      | Noticed a sky beast
  2281 | D:6      | Killed a sky beast
  2281 | D:6      | Reached skill level 9 in Axes
  2281 | D:6      | Reached XP level 6. HP: 21/50 MP: 6/6
  2432 | D:6      | Noticed a black bear
  2446 | D:6      | Killed a black bear
  2446 | D:6      | Reached skill level 10 in Axes
  2446 | D:6      | Reached XP level 7. HP: 25/56 MP: 7/7
  2660 | D:5      | Entered Level 5 of the Dungeon
  2817 | D:5      | Found a sacrificial altar of Ru.
  2896 | D:5      | Found Jojostas's Gadget Shoppe.
  3598 | D:3      | Found a basalt altar of Yredelemnul.
  3979 | D:4      | Found a staircase to the Ecumenical Temple.
  3985 | D:4      | Reached skill level 11 in Axes
  4010 | Temple   | Entered the Ecumenical Temple
  4075 | Temple   | Became a worshipper of Zin the Law-Giver
  4075 | Temple   | Reached * piety under Zin
  4545 | D:4      | Found a burning altar of Makhleb.
  4556 | D:4      | Reached XP level 8. HP: 61/62 MP: 8/8
  4598 | D:4      | Noticed Edmund
  4620 | D:4      | Killed Edmund
  4620 | D:4      | Reached skill level 1 in Armour
  5130 | D:5      | Found a hazy altar of Hepliaklqana.
  5512 | D:5      | Found an opulent altar of Gozag.
  5593 | D:5      | Found an ancient bone altar of Kikubaaqudgha.
  5595 | D:5      | Found a blossoming altar of Fedhas.
  5918 | D:6      | Found a shimmering altar of Xom.
  5951 | D:6      | Identified the +2 robe of the Sky {rC- Regen+ Dex+3 Stlth+}
  6439 | D:6      | Reached skill level 12 in Axes
  6892 | D:5      | Quit the game

Skill      XL: |  1  2  3  4  5  6  7  8 |
---------------+-------------------------+-----
Axes           | 5 6 8 9 10 11 12 | 12.1
Fighting       | 4 |  4.6
Armour         | 3 |  3.3
Dodging        | 3 |  3.6
Throwing       | |  1.7

Action                   |  1- 3 |  4- 6 |  7- 9 || total
-------------------------+-------+-------+-------++-------
Melee: War axe           |   109 |   103 |   229 ||   441
Invok: Recite            |       |       |     1 ||     1
Evoke: Wand              |       |     1 |     1 ||     2
  Use: Scroll            |       |       |     6 ||     6
       Potion            |       |       |     1 ||     1
 Stab: Sleeping          |     1 |       |       ||     1
  Eat: Chunk             |     1 |     4 |     8 ||    13
       Ration            |       |       |     2 ||     2
Armor: Leather armour    |    32 |       |       ||    32
       Ring mail         |    12 |    62 |    72 ||   146
Dodge: Dodged            |    81 |    66 |   105 ||   252
